AoeStats
← CazadorGT

Lombardia

509971182Analyzed
4v4 RM · 3d ago on Sep 28, 2026· 24m 13s· 8 players
Game mode
Random Map
Map size
Large (8 player)
Population
200
Speed
Normal
Resources
Standard
Victory
Conquest
Starting age
Dark Age
Ending age
Imperial Age
RankedLock teamsTeams togetherTeam positionsShared explorationLock speedFull tech treeHidden civsTurbo modeCheats
Victory
Defeat
🇦🇷 Vietnamese · Argentina
1214
+16
🇦🇷 Persians · Argentina
1205
+16
🇹🇼 Saxons · Taiwan
1182
+17
🇬🇹 Franks · Guatemala
1141
+18
🇹🇷 Varangians · Türkiye
1264
-19
🇦🇷 Magyars · Argentina
1242
-18
🇩🇪 Teutons · Germany
1213
-17
🇲🇽 Romans · Mexico
1119
-13
CazadorGT
9:52 Feudal Age
10:32 Double-Bit Axe
12:22 Scale Barding Armor
15:06 Forging
23:24 Castle Age
22:50 Gold Mining
23:40 Light Cavalry
24:46 Chain Barding Armor
Mr.Big
7:15 Loom
9:20 Feudal Age
13:04 Fletching
13:38 Double-Bit Axe
23:33 Castle Age
22:11 Wheelbarrow
22:36 Town Watch
23:40 Crossbowman
24:17 Bodkin Arrow
Vilkian
7:09 Loom
9:47 Feudal Age
11:04 Double-Bit Axe
14:13 Fletching
16:00 Padded Archer Armor
22:03 Castle Age
20:21 Gold Mining
22:13 Crossbowman
22:55 Padded Archer Armor
23:43 Bow Saw
1
8:28 Feudal Age
7:28 Loom
9:12 Double-Bit Axe
15:14 Horse Collar
16:32 Wheelbarrow
21:11 Castle Age
19:06 Gold Mining
19:23 Scale Barding Armor
19:49 Bloodlines
20:56 Forging
23:15 Castle Age
23:02 Light Cavalry
23:43 Husbandry
24:04 Chain Barding Armor
24:40 Iron Casting
Sniper_Wolf
5:21 Loom
13:24 Feudal Age
15:42 Double-Bit Axe
15:39 Horse Collar
16:20 Town Watch
17:46 Wheelbarrow
17:09 Gold Mining
19:25 Fletching
21:51 Scale Barding Armor
24:33 Castle Age
22:51 Bloodlines
24:15 Forging
LeoKiller225910
5:58 Loom
10:31 Feudal Age
11:26 Double-Bit Axe
12:31 Horse Collar
18:31 Scale Barding Armor
20:59 Forging
Mustafa
9:31 Loom
12:58 Feudal Age
20:30 Horse Collar
23:36 Castle Age
AlejoGuitar08
9:26 Loom
11:22 Feudal Age
17:01 Castle Age
15:39 Double-Bit Axe
Connection lost

Rejoining the realm…

Still unreachable

The connection could not be restored.

Session expired

The server has moved on; the page needs a fresh start.